 Seeded DCSS version 0.29-a0-375-g5102b3be25 (webtiles) character file.

Game seed: 13605594255664981076 (custom seed)

44 thiscave3701365 the Chopper (level 3, 0/34 HPs)
             Began as a Minotaur Berserker on May 3, 2022.
             Was a Follower of Trog.
             Slain by a gnoll
             ... wielding a +0 spear
              (2 damage)
             ... on level 2 of the Dungeon.
             The game lasted 00:01:06 (1153 turns).

thiscave3701365 the Chopper (Minotaur Berserker)    Turns: 1153, Time: 00:01:07

Health: 0/34       AC:  6    Str: 23    XL:     3   Next: 39%
Magic:  2/2        EV: 10    Int:  4    God:    Trog [*.....]
Gold:   70         SH:  0    Dex:  9    Spells: 2/2 levels left

rFire   . . .      SeeInvis .   a - +0 hand axe
rCold   . . .      Faith    .   (no shield)
rNeg    . . .      Spirit   .   i - +0 scale mail
rPois   .          Reflect  .   (helmet restricted)
rElec   .          Harm     .   (no cloak)
rCorr   .          Rampage  .   (no gloves)
Will    .....                   (no boots)
Stlth   ..........              (no amulet)
HPRegen 0.11/turn               (no ring)
MPRegen 0.08/turn               (no ring)

@: on berserk cooldown, slowed, very slow
A: horns 2, retaliatory headbutt
a: Renounce Religion, Berserk


You were on level 2 of the Dungeon.
You worshipped Trog.
Trog was aware of your devotion.
You visited 1 branch of the dungeon, and saw 2 of its levels.

You collected 70 gold pieces.

Inventory:

Hand Weapons
 a - a +0 hand axe (weapon)
Armour
 b - a +0 animal skin
 i - a +0 scale mail (worn)
Scrolls
 d - a scroll of immolation {unknown}
 f - a scroll of blinking {unknown}
 g - a scroll of fog {unknown}
 h - a scroll of identify {unknown}
 j - a scroll of vulnerability {unknown}
Potions
 c - a potion of brilliance {unknown}
 e - a potion of haste {unknown}


   Skills:
 + Level 4.3 Fighting
 + Level 4.4 Axes
 + Level 2.7 Armour
 + Level 2.4 Dodging
 + Level 0.1 Stealth


You had 2 spell levels left.
You didn't know any spells.
Your spell library was empty.

Dungeon Overview and Level Annotations

Branches:
Dungeon (2/15)

Altars:


Innate Abilities, Weirdness & Mutations

You have a pair of horns on your head.
You reflexively headbutt those who attack you in melee.


Message History

You are too injured to fight recklessly!
Unknown command.
You are too injured to fight recklessly!
You are too injured to fight recklessly!
You slash the gnoll! You headbutt the gnoll.
You kill the gnoll!
Trog accepts your kill.
You barely miss the gnoll.
The gnoll hits you from afar with a +0 spear.
The gnoll hits you but does no damage. The gnoll hits you with a +0 club.
* * * LOW HITPOINT WARNING * * *
You have reached level 3!
Your experience leads to an increase in your attributes!
Increase (S)trength, (I)ntelligence, or (D)exterity?
You feel stronger. x2
You barely miss the gnoll.
The gnoll is moderately wounded.
The gnoll hits you from afar with a +0 spear!
* * * LOW HITPOINT WARNING * * *
The gnoll closely misses you.
The gnoll hits you from afar with a +0 spear.
* * * LOW HITPOINT WARNING * * *
You slash the gnoll!
You kill the gnoll!
Trog accepts your kill.
Unknown command.
The gnoll barely misses you. The gnoll hits you but does no damage.
There is an open door, spattered with blood here.
Things that are here:
a +0 club; a gnoll corpse You feel a strong urge to attack something.
You slam the door shut with a bang, pushing everything out of the way!
Things that are here:
a +0 club; a gnoll corpse You are no longer berserk.
You are exhausted.
You feel yourself slow down.
A gnoll breaks down the door.
The gnoll hits you from afar with a +0 spear.
You die...

#....# ####....#
..##....##
#.##.....#
#.##.S...# .......
#.##.....# ........#
#..#####.##.)...#
........#
#.>...@.gg'.....#
........#
#######.###.....#
........# #....#.#
......# ........#
#.##.#.#.#######
#.......####.##.#.#.
........'....##.#.#
........#######.#.#
.#.......#......#.#
.#.....#.#.######.#


You could see 2 gnolls.

Vanquished Creatures
  2 gnolls (D:2)
  An endoplasm (D:1)
  2 giant cockroaches (D:1)
  2 goblins (D:1)
  A hobgoblin (D:1)
  3 jackals (D:1)
  4 ball pythons
  2 frilled lizards
  3 kobolds (D:1)
  4 rats (D:1)
24 creatures vanquished.

Notes
Turn   | Place    | Note
-------+----------+-------------------------------------------
     0 | D:1      | thiscave3701365 the Minotaur Berserker began the quest for
                  | the Orb.
     0 | D:1      | Reached XP level 1. HP: 19/19 MP: 0/0
   253 | D:1      | Found a faded altar of an unknown god.
   314 | D:1      | Reached XP level 2. HP: 27/27 MP: 1/1
  1146 | D:2      | Reached XP level 3. HP: 14/33 MP: 2/2
  1146 | D:2      | HP: 2/49 [gnoll/+0 spear (5)]
  1153 | D:2      | Slain by a gnoll

Illustrated notes

Levels and vault maps discovered:
D:1:      wander_arrival_lonely_grave, layout_basic,
          ebering_ecumenical_altar_rust
D:2:      layout_basic, minmay_misc_feat_tower, grunt_decor_mini_mirrors

Skill      XL: |  1  2 |
---------------+-------+-----
Fighting       | 4 |  4.3
Axes           | 4 |  4.4
Armour         | |  2.7
Dodging        | |  2.4
Stealth        | |  0.1

Action                   || total
-------------------------++-------
Melee: Hand axe          ||    46
       Headbutt          ||     8
Invok: Berserk           ||     2
Armor: Animal skin       ||     3
       Scale mail        ||     9
Dodge: Dodged            ||    22

Table legend: (Time is in decaauts)
 A = Elapsed time spent in this place.
 B = Non-inter-level travel time spent in this place.
 C = Inter-level travel time spent in this place.
 D = Time resting spent in this place.
 E = Time spent auto-exploring this place.
 F = Levels seen in this place.
 G = Mean time per level.
                   A        B        C        D        E       F      G
               +--------+--------+--------+--------+--------+-----+--------+
         Total |   1166 |   1071 |     95 |     69 |    861 |   2 |  583.0 |
       Dungeon |   1166 |   1071 |     95 |     69 |    861 |   2 |  583.0 |
               +--------+--------+--------+--------+--------+-----+--------+

Top non-repeatable levels by time:
     D:1: 1020 daAuts
     D:2: 145 daAuts
